Map: Echo LE (Void)

Players

ShoWTimE

  • Race: Protoss Protoss
  • League: Master
  • Spawn Location: 5:00

Serral - Winner!

  • Race: Zerg Zerg
  • League: Grandmaster
  • Spawn Location: 11:00

Event: NationWars IV

VOD

https://www.youtube.com/watch?v=boKMMVLUxnU&t=17s

Description

Time

  • Played on: Jan. 2, 2017, 12:49 p.m.
  • Length: 20:19

All games in this series

Show
View Real Time Build Order
Export as new Build Order

ShoWTimE Protoss 

Build Orders: 1 Gate Expand, Oracle Opening, Zealot Archon 

Get SALT Encoding   

  12  0:00  Probe (Chrono Boost)  
  13  0:11  Probe (Chrono Boost)  
  14  0:18  Pylon  
  14  0:22  Probe (Chrono Boost)  
  15  0:37  Probe (Chrono Boost)  
  15  0:40  Gateway  
  16  0:44  Assimilator  
  16  0:47  Probe (Chrono Boost)  
  17  0:58  Probe (Chrono Boost)  
  18  1:08  Probe (Chrono Boost)  
  19  1:22  Nexus  
  19  1:25  Probe (Chrono Boost)  
  20  1:34  Cybernetics Core  
  20  1:37  Probe (Chrono Boost)  
  21  1:43  Assimilator  
  21  1:47  Probe (Chrono Boost)  
  21  1:52  Pylon  
  22  1:58  Probe (Chrono Boost)  
  23  2:07  Adept  
  23  2:11  Warp Gate  
  23  2:12  Probe (Chrono Boost)  
  26  2:24  Probe (Chrono Boost)  
  27  2:32  Stargate  
  27  2:34  Adept, Probe (Chrono Boost)  
  27  2:36  Probe (Chrono Boost)  
  31  2:45  Probe (Chrono Boost)  
  31  2:49  Probe (Chrono Boost)  
  33  2:55  Probe (Chrono Boost)  
  34  3:00  Probe (Chrono Boost)  
  34  3:01  Adept  
  37  3:06  Probe (Chrono Boost)  
  37  3:07  Pylon  
  37  3:10  Probe (Chrono Boost)  
  37  3:12  Oracle  
  39  3:16  Probe (Chrono Boost)  
  43  3:23  Probe (Chrono Boost)  
  43  3:25  Pylon  
  44  3:27  Probe (Chrono Boost)  
  46  3:35  Probe (Chrono Boost)  
  46  3:37  Pylon  
  46  3:38  Probe (Chrono Boost)  
  47  3:45  Nexus  
  47  3:47  Probe (Chrono Boost)  
  48  3:49  Mothership Core (Chrono Boost)  
  48  3:50  Oracle  
  53  3:59  Probe (Chrono Boost)  
  54  4:07  Probe (Chrono Boost)  
  54  4:08  Gateway  
  56  4:11  Probe (Chrono Boost), Gateway  
  56  4:18  Probe (Chrono Boost)  
  56  4:19  Assimilator  
  56  4:22  Assimilator  
  56  4:23  Probe (Chrono Boost)  
  58  4:25  Void Ray  
  58  4:28  Probe (Chrono Boost)  
  59  4:36  Probe (Chrono Boost), Pylon  
  64  4:39  Probe (Chrono Boost)  
  64  4:43  Forge  
  65  4:48  Probe (Chrono Boost)  
  65  4:50  Probe (Chrono Boost)  
  66  4:59  Probe (Chrono Boost)  
  66  5:00  Probe x2 (Chrono Boost)  
  66  5:02  Protoss Ground Weapons Level 1  
  66  5:05  Robotics Facility  
  67  5:10  Probe (Chrono Boost)  
  67  5:11  Probe (Chrono Boost), Pylon  
  67  5:12  Probe (Chrono Boost)  
  67  5:13  Twilight Council  
  70  5:16  Assimilator  
  70  5:18  Assimilator  
  71  5:22  Probe x2 (Chrono Boost)  
  71  5:23  Sentry x2  
  71  5:26  Probe (Chrono Boost)  
  77  5:32  Probe (Chrono Boost)  
  77  5:34  Probe (Chrono Boost)  
  77  5:35  Pylon  
  79  5:38  Probe (Chrono Boost)  
  79  5:39  Photon Cannon  
  79  5:42  Charge  
  80  5:43  Probe (Chrono Boost)  
  80  5:46  Probe (Chrono Boost)  
  83  5:50  Probe (Chrono Boost)  
  83  5:51  Observer  
  83  5:55  Probe (Chrono Boost)  
  85  5:59  Probe (Chrono Boost)  
  85  6:03  Probe (Chrono Boost)  
  87  6:05  Photon Cannon  
  87  6:07  Probe (Chrono Boost)  
  87  6:08  Warp Prism  
  87  6:09  Gateway  
  87  6:10  Pylon  
  87  6:11  Probe (Chrono Boost), Gateway  
  91  6:27  Phoenix  
  91  6:31  Zealot x3  
  99  6:35  Pylon  
  99  6:37  Photon Cannon  
  99  6:38  Pylon  
  99  6:40  Pylon  
  99  6:49  Immortal  
  103  6:54  Pylon  
  103  6:56  Zealot x3  
  103  6:59  Phoenix  
  107  7:04  Templar Archives  
  107  7:08  Gateway  
  107  7:09  Gateway x2  
  107  7:19  Protoss Shields Level 1  
  107  7:24  Phoenix  
  107  7:28  Immortal  
  111  7:38  Photon Cannon x2  
  111  7:42  High Templar  
  111  7:43  High Templar x3  
  119  7:44  Zealot  
  119  7:47  Archon x2  
  121  7:55  Psionic Storm  
  121  8:06  Immortal  
  121  8:09  High Templar x2  
  121  8:10  High Templar  
  121  8:11  Robotics Facility  
  131  8:23  Pylon  
  131  8:25  Pylon x2  
  131  8:28  Pylon  
  131  8:29  Zealot x2, High Templar  
  131  8:30  Zealot x2, Pylon  
  141  8:50  High Templar x2  
  141  8:53  Immortal x2  
  153  9:03  Protoss Ground Weapons Level 2  
  153  9:04  Zealot  
  153  9:05  Zealot x5  
  153  9:09  Pylon  
  165  9:16  Probe (Chrono Boost)  
  166  9:31  Nexus  
  166  9:32  Pylon  
  166  9:34  High Templar x4  
  166  9:35  Zealot x4  
  182  9:39  Archon x2  
  182  9:41  Immortal  
  182  9:43  Pylon  
  182  9:45  Pylon  
  182  9:50  Immortal  
  187  10:05  Fleet Beacon  
  188  10:08  Probe (Chrono Boost)  
  188  10:09  Probe x2 (Chrono Boost)  
  188  10:10  Stargate  
  190  10:15  Immortal  
  177  10:28  Probe (Chrono Boost)  
  177  10:29  Probe x2 (Chrono Boost)  
  177  10:40  Probe (Chrono Boost)  
  177  10:41  Probe x2 (Chrono Boost), High Templar x2  
  174  10:43  Assimilator  
  174  10:44  Probe (Chrono Boost)  
  174  10:46  Assimilator  
  174  10:47  Tempest  
  169  10:51  Assimilator  
  169  10:52  Tempest  
  169  10:53  Probe x3 (Chrono Boost)  
  169  10:55  Probe (Chrono Boost)  
  178  11:05  Probe x4 (Chrono Boost)  
  175  11:15  Stargate  
  175  11:17  Probe x3 (Chrono Boost)  
  178  11:20  Photon Cannon  
  178  11:24  Tempest  
  176  11:32  Stalker x3  
  173  11:41  Archon  
  173  11:42  Zealot x2  
  173  11:43  Zealot x2, Stalker  
  149  11:48  Tempest  
  149  11:52  Probe x3 (Chrono Boost)  
  152  11:55  High Templar x2  
  152  11:58  Probe (Chrono Boost)  
  157  12:02  Tempest  
  163  12:13  High Templar  
  165  12:21  Tempest  
  171  12:30  Immortal, Protoss Ground Weapons Level 3  
  175  12:39  Immortal  
  175  12:42  Zealot  
  181  12:51  Zealot x2  
  180  12:58  Tempest  
  182  13:05  Zealot  
  177  13:23  Immortal, High Templar x4  
  185  13:38  Zealot x4  
  193  13:46  Observer  
  194  13:50  Void Ray  
  198  13:59  Zealot  
  200  14:05  Oracle  
  199  14:19  Zealot x4  
  197  14:32  Zealot  
  191  14:38  Nexus  
  191  14:40  Pylon  
  191  14:41  Zealot  
  188  14:47  Tempest  
  188  14:49  Oracle  
  197  14:53  Zealot  
  197  14:58  Probe (Chrono Boost)  
  197  14:59  Probe x3 (Chrono Boost), High Templar x4  
  195  15:00  Zealot x2  
  195  15:02  Anion Pulse-Crystals  
  195  15:03  Archon  
  195  15:04  Archon  
  195  15:08  Probe (Chrono Boost)  
  195  15:11  Probe x3 (Chrono Boost)  
  199  15:14  Observer  
  199  15:19  Probe (Chrono Boost)  
  200  15:25  Stalker  
  200  15:26  Probe x2 (Chrono Boost)  
  171  16:04  Zealot x6  
  171  16:05  Zealot x2  
  115  16:27  Zealot x4  
  103  16:41  High Templar x2  
  103  16:42  High Templar x2  
  111  16:47  Archon x2  
  111  16:52  Blink  
  109  17:00  Probe (Chrono Boost)  
  105  17:09  Zealot x3  
  109  17:18  Mothership Core (Chrono Boost)  
  109  17:20  Zealot x2  
  114  17:27  Zealot  
  116  17:39  Zealot  
  109  18:01  Stalker x2  
  109  18:02  Stalker x2  
  109  18:19  Stalker  
  107  18:41  Stalker x2  
  104  19:33  Zealot x4  
  104  19:36  Zealot x2  
  109  20:04  Zealot x2  
Show
View Real Time Build Order
Export as new Build Order

Serral Zerg - Winner!

Build Orders: Pool First 

Get SALT Encoding   

  12  0:00  Drone  
  13  0:13  Overlord  
  13  0:17  Drone  
  14  0:31  Drone  
  14  0:32  Drone  
  16  0:36  Drone  
  17  0:45  Spawning Pool  
  17  0:47  Drone  
  17  1:08  Hatchery  
  17  1:10  Drone  
  17  1:13  Drone  
  17  1:18  Drone  
  19  1:24  Extractor  
  18  1:31  Queen  
  18  1:32  Zergling x2  
  21  1:53  Hatchery  
  20  1:57  Overlord  
  20  2:03  Drone  
  20  2:04  Drone  
  22  2:16  Queen  
  22  2:20  Drone  
  25  2:23  Drone  
  26  2:30  Metabolic Boost  
  26  2:32  Zergling x2  
  26  2:36  Drone  
  28  2:45  Drone x2  
  28  2:49  Overlord  
  30  2:52  Drone  
  30  2:54  Drone  
  33  2:58  Drone  
  33  3:05  Drone x3  
  36  3:12  Queen  
  37  3:20  Drone x3  
  40  3:28  Drone x2  
  40  3:31  Spore Crawler  
  41  3:35  Spore Crawler  
  41  3:37  Spore Crawler, Drone  
  41  3:38  Drone  
  41  3:39  Drone  
  41  3:42  Drone  
  41  3:44  Drone  
  43  3:48  Drone x3  
  43  3:53  Zergling x4  
  43  3:55  Zergling x2  
  49  3:58  Overlord  
  49  4:05  Evolution Chamber  
  49  4:08  Queen  
  49  4:09  Extractor  
  50  4:16  Overlord  
  50  4:18  Drone x5  
  50  4:19  Drone  
  50  4:22  Drone  
  57  4:25  Overlord  
  57  4:32  Zerg Melee Weapons Level 1  
  57  4:33  Overlord  
  57  4:34  Drone  
  57  4:35  Drone  
  57  4:37  Drone  
  60  4:39  Drone  
  60  4:40  Drone x2  
  60  4:44  Lair  
  63  4:46  Drone  
  63  4:48  Drone  
  63  4:52  Drone x2  
  67  4:53  Queen  
  67  4:58  Drone x2  
  68  5:03  Drone x4  
  68  5:06  Queen  
  73  5:07  Drone  
  73  5:08  Drone x2  
  73  5:12  Overlord  
  73  5:13  Extractor  
  75  5:14  Extractor x2, Overlord  
  75  5:17  Drone  
  75  5:20  Extractor  
  73  5:21  Overlord  
  73  5:26  Overlord  
  73  5:28  Drone  
  74  5:31  Overlord  
  74  5:33  Drone x5  
  74  5:35  Drone x3  
  81  5:38  Drone x3  
  81  5:42  Baneling Nest, Drone  
  85  5:46  Extractor  
  84  5:50  Overlord, Spire  
  83  5:57  Drone x2  
  83  6:01  Zergling x8, Roach Warren  
  88  6:07  Zergling x8  
  88  6:09  Overseer  
  92  6:13  Zergling x6  
  92  6:14  Zergling x2  
  92  6:17  Overlord  
  96  6:19  Overlord  
  96  6:20  Hatchery  
  96  6:21  Zergling x2  
  94  6:28  Drone x2  
  94  6:30  Zergling x2  
  94  6:31  Zergling x2  
  97  6:38  Overlord  
  97  6:39  Zergling x4  
  99  6:40  Centrifical Hooks  
  99  6:41  Zerg Melee Weapons Level 2  
  98  7:00  Overlord  
  98  7:07  Hydralisk Den  
  98  7:08  Zergling x2  
  98  7:09  Zergling x18  
  107  7:16  Zergling x8  
  110  7:28  Drone x4  
  111  7:35  Queen  
  113  7:37  Muscular Augments, Hydralisk  
  113  7:38  Hydralisk x7  
  113  7:42  Evolution Chamber  
  113  7:43  Hatchery  
  127  7:44  Drone  
  127  7:49  Drone x5  
  128  7:51  Drone  
  128  7:54  Spore Crawler  
  128  7:55  Drone x3  
  128  8:01  Pneumatized Carapace  
  128  8:08  Drone x2  
  128  8:10  Hydralisk  
  128  8:11  Hydralisk x6  
  144  8:16  Zerg Ground Armor Level 1  
  144  8:18  Overlord  
  144  8:22  Overlord  
  144  8:29  Extractor  
  143  8:35  Hydralisk  
  143  8:36  Hydralisk x4  
  152  8:42  Zergling x2, Zerg Flyer Weapons Level 1  
  152  8:43  Zergling x14  
  152  8:46  Infestation Pit  
  152  8:47  Overlord  
  159  8:49  Hydralisk  
  159  8:50  Hydralisk x2  
  159  8:51  Zergling x4  
  159  8:52  Zergling x6  
  168  9:05  Zergling x2  
  168  9:06  Zergling x18  
  178  9:14  Spore Crawler  
  178  9:15  Spore Crawler  
  176  9:27  Hive  
  176  9:28  Zergling x12  
  182  9:32  Baneling  
  182  9:33  Baneling x16  
  182  9:34  Baneling x7  
  182  9:35  Overlord x2, Baneling  
  182  9:40  Baneling x4  
  182  9:41  Overlord x2  
  182  9:49  Overlord  
  182  9:53  Zergling x6  
  182  9:55  Spire  
  182  9:57  Zergling x20  
  194  10:00  Baneling  
  194  10:01  Baneling x7  
  194  10:05  Zergling x6  
  194  10:06  Zergling x2  
  194  10:07  Zergling x2  
  197  10:19  Zergling x2  
  197  10:20  Zergling x12  
  197  10:31  Baneling  
  197  10:32  Baneling x19  
  197  10:33  Baneling x2  
  186  10:44  Zergling x2  
  186  10:45  Zergling x28  
  199  10:54  Greater Spire  
  200  10:59  Zerg Ground Armor Level 2, Zerg Melee Weapons Level 3  
  200  11:00  Adrenal Glands  
  195  11:05  Baneling x6  
  195  11:10  Zergling x2  
  195  11:11  Zergling x10  
  200  11:17  Overlord  
  200  11:20  Hatchery  
  200  11:24  Baneling x4  
  200  11:25  Baneling x2  
  184  11:35  Zergling x20  
  184  11:36  Zergling x6  
  180  11:44  Zergling x16  
  180  11:45  Zergling x20  
  154  11:53  Zergling x2  
  149  11:54  Zergling x16  
  149  11:56  Baneling x4  
  149  11:57  Baneling x2  
  149  12:00  Baneling  
  149  12:01  Baneling x6  
  155  12:08  Baneling x6  
  153  12:09  Baneling  
  152  12:24  Corruptor x5  
  152  12:29  Baneling  
  162  12:30  Baneling x10  
  162  12:32  Drone  
  162  12:33  Drone  
  162  12:34  Drone  
  165  12:42  Zergling x2  
  165  12:43  Zergling x14  
  170  12:52  Baneling x10  
  170  13:03  Overlord  
  164  13:10  Zergling x2  
  164  13:11  Zergling x26  
  167  13:17  Drone x6  
  167  13:18  Drone x4  
  169  13:41  Corruptor x4  
  169  13:42  Corruptor x2  
  181  13:49  Brood Lord  
  181  13:50  Brood Lord x2  
  187  13:57  Brood Lord  
  187  13:58  Brood Lord  
  190  14:06  Corruptor x3  
  194  14:22  Corruptor  
  194  14:23  Corruptor x2  
  199  14:34  Extractor  
  199  14:37  Hatchery  
  179  14:57  Corruptor  
  179  14:58  Corruptor x2  
  176  15:02  Brood Lord x3  
  176  15:06  Zergling x16  
  176  15:07  Zergling x8  
  184  15:30  Corruptor x3  
  184  15:31  Corruptor  
  187  15:53  Corruptor x4  
  124  16:13  Zergling x16  
  116  16:19  Zergling x2  
  116  16:23  Zergling x2  
  116  16:24  Zergling x2  
  105  16:44  Brood Lord  
  107  16:53  Spore Crawler  
  105  17:14  Brood Lord  
  105  17:15  Brood Lord  
  106  17:16  Baneling  
  106  17:17  Baneling x3  
  105  17:26  Zergling x2  
  105  17:27  Zergling x4  
  91  18:14  Infestor  
  91  18:15  Infestor x3  
  99  18:32  Zergling x6  
  102  18:58  Zergling x12  
  103  19:21  Zergling x6  
  103  19:22  Zergling x4  
Tags
 
Add a new tag
Caveats
  • Supply blocks, unpowered buildings, or Contaminate may cause inaccurate times.
  • Supply counts are checked every 10 seconds.